 Dungeon Crawl Stone Soup version 0.14-a0-3105-g51c85c9 (webtiles) character file.

294 tizzy the Chopper (level 5, -1/50 HPs)
             Began as a Naga Fighter on Mar 6, 2014.
             Slain by a worker ant (5 damage)
             ... on Level 4 of the Dungeon.
             The game lasted 00:06:42 (3110 turns).

tizzy the Chopper (Naga Fighter)                    Turns: 3110, Time: 00:06:42

HP  -1/50        AC  5     Str 18      XL: 5   Next: 22%
MP   5/5         EV  4     Int 10      God:
Gold 155         SH 17     Dex 10      Spells:  0 memorised,  4 levels left

rFire  . . .     SeeInvis +     a - +0 war axe
rCold  . . .     Clarity  .     b - +0 scale mail
rNeg   . . .     Conserve .     c - +0 shield
rPois  +         rCorr    +     (no helmet)
rElec  .         rRot     .     (no cloak)
SustAb . .       Spirit   .     (no gloves)
rMut   .         Warding  .     (no barding)
Saprov . . .     Stasis   .     m - amulet of resist corrosion {unknown}
MR     .....                    (no ring)
                                (no ring)

@: very slow, not resistant to hostile enchantments, extremely unstealthy
A: spit poison, see invisible, deformed body, poison resistance, slowness 2, AC
+1
a: Spit Poison


You were on level 4 of the Dungeon.
You were not hungry.

You visited 1 branch of the dungeon, and saw 4 of its levels.

You collected 155 gold pieces.

Inventory:

Hand weapons
 a - a +0,+0 war axe (weapon)
 C - a +0 blowgun
Missiles
 A - 10 poisoned needles
Armour
 b - a +0 scale mail (worn)
 c - a +0 shield (worn)
Magical devices
 F - a wand of invisibility (4)
Comestibles
 d - 2 bread rations
 h - 2 meat rations
 q - an apple
 E - a pear
 G - a rotting chunk of iguana flesh
Scrolls
 e - 2 scrolls of fog {unknown}
 f - a scroll of noise {unknown}
 i - 3 scrolls of enchant weapon I {unknown}
 k - 2 scrolls of identify {unknown}
 l - a scroll of immolation {unknown}
 n - a scroll of amnesia {unknown}
 r - a scroll of teleportation {unknown}
 s - a scroll of enchant armour {unknown}
 w - a scroll of magic mapping {unknown}
Jewellery
 m - an amulet of resist corrosion (around neck) {unknown}
 o - an uncursed amulet of resist mutation {unknown}
Potions
 g - a potion of resistance {unknown}
 j - 2 potions of agility {unknown}
 p - a potion of degeneration {unknown}
 t - a potion of curing {unknown}
 u - 2 potions of heal wounds {unknown}
 v - 4 potions of speed {unknown}
 x - a potion of berserk rage {unknown}
 B - a potion of might {unknown}
 D - a potion of restore abilities {unknown}
Books
 z - a book of War Chants

   Spells                             Type                      Level
   Fire Brand                         Charms/Fire                  2
   Freezing Aura                      Charms/Ice                   2
   Shroud of Golubria                 Charms/Translocation         2
   Repel Missiles                     Charms/Air                   2
   Poison Weapon                      Charms/Poison                3
   Regeneration                       Charms/Necromancy            3
Miscellaneous
 y - a plain deck of destruction


   Skills:
 + Level 4.2 Fighting
 * Level 4.3 Axes
 - Level 2.4 Armour
 - Level 2.4 Shields


You had 4 spell levels left.
You didn't know any spells.

Dungeon Overview and Level Annotations

Branches:
Dungeon (4/16)
 Temple: D:4-7

Altars:
Nemelex Xobeh
Okawaru
Xom


Innate Abilities, Weirdness & Mutations

You cannot wear boots.
You can spit poison.
Your serpentine skin is tough (AC +1).
You have supernaturally acute eyesight.
Armour fits poorly on your strangely shaped body.
Your system is resistant to poisons.
You cover ground very slowly.


Message History

The hound is heavily wounded.
The worker ant bites you. The hound bites you but does no damage.
The giant newt bites you.
* * * LOW HITPOINT WARNING * * *
The worker ant bites you.
* * * LOW HITPOINT WARNING * * *
The hound bites you.
* * * LOW HITPOINT WARNING * * *
The giant newt bites you but does no damage.
You closely miss the hound.
The hound is heavily wounded.
You closely miss the worker ant.
The worker ant is almost dead.
You hit the giant newt.
You kill the giant newt!
The worker ant bites you but does no damage.
The hound bites you.
* * * LOW HITPOINT WARNING * * *
The worker ant bites you.
You die...

#################
...................
.........<@a.......
...(.......h.......
.................
.................
.................
...............
.............
###########


You could see a hound and a worker ant.

Vanquished Creatures
  A giant frog skeleton (D:4)
  An iguana (D:4)
  3 adders
  A giant eyeball (D:4)
  An ooze (D:1)
  An orc (D:3)
  8 goblins
  9 hobgoblins
  4 kobolds
  9 bats
  4 giant cockroaches
  4 giant newts
  A kobold skeleton (D:3)
  7 rats
54 creatures vanquished.

Notes
Turn   | Place    | Note
--------------------------------------------------------------
     0 | D:1      | tizzy, the Naga Fighter, began the quest for the Orb.
     0 | D:1      | Reached XP level 1. HP: 21/21 MP: 1/1
   280 | D:1      | Reached XP level 2. HP: 22/28 MP: 2/2
  1033 | D:2      | Found a shimmering altar of Xom.
  1120 | D:2      | Reached XP level 3. HP: 29/34 MP: 3/3
  1241 | D:2      | Found an iron altar of Okawaru.
  1834 | D:3      | Found a sparkling altar of Nemelex Xobeh.
  2063 | D:3      | Reached XP level 4. HP: 35/44 MP: 4/4
  2795 | D:4      | Reached skill level 4 in Fighting
  2804 | D:4      | Reached XP level 5. HP: 4/50 MP: 5/5
  3019 | D:4      | Noticed an ogre
  3095 | D:4      | Paralysed by a giant eyeball for 4 turns
  3110 | D:4      | Slain by a worker ant

Action                   |  1- 3 |  4- 6 || total
-------------------------+-------+-------++-------
Melee: War axe           |   114 |    69 ||   183
Evoke: Wand              |       |     1 ||     1
